 Dungeon Crawl Stone Soup version 0.21-a0-625-g1119ec1 (webtiles) character file.

145 tidbits the Digger (level 5, -4/37 HPs)
             Began as a Gnoll Earth Elementalist on Dec 24, 2017.
             Slain by dxctxrx's ghost (9 damage)
             ... on level 3 of the Dungeon.
             The game lasted 00:03:56 (472 turns).

tidbits the Digger (Gnoll Earth Elementalist)        Turns: 472, Time: 00:03:57

Health: -4/37      AC:  2    Str: 10    XL:     5   Next: 27%
Magic:  3/12       EV: 15    Int: 19    God:
Gold:   158        SH:  0    Dex: 15    Spells: 11/14 levels left

rFire    . . .     SeeInvis +   a - +0 short sword
rCold    . . .     Gourm    .   (no shield)
rNeg     . . .     Faith    .   c - +0 robe
rPois    .         Spirit   .   (no helmet)
rElec    .         Reflect  .   (no cloak)
rCorr    .         Harm     .   (no gloves)
MR       .....                  (no boots)
Stlth    +++.......             (no amulet)
HPRegen  0.12/turn              I - ring of see invisible
MPRegen  0.13/turn              (no ring)

@: no status effects
A: distributed training, fangs 1, strong nose
a: no special abilities


You were on level 3 of the Dungeon.
You were not hungry.

You visited 1 branch of the dungeon, and saw 4 of its levels.

You collected 158 gold pieces.

Inventory:

Hand Weapons
 a - a +0 short sword (weapon)
 f - a +0 morningstar
 h - a +0 dagger
Missiles
 b - 36 stones (quivered)
 j - 16 tomahawks
Armour
 c - a +0 robe (worn)
 l - a +0 ring mail
Jewellery
 I - a ring of see invisible (left hand)
   (You found it on level 1 of the Dungeon)
Scrolls
 g - 3 scrolls of identify {unknown}
 i - a scroll of teleportation {unknown}
 k - a scroll of fog {unknown}
Books
 e - a book of Geomancy

   Spells                             Type                      Level
   a - Sandblast                      Earth                        1
   b - Passwall                       Transmutation/Earth          2
   c - Stone Arrow                    Conjuration/Earth            3
   d - Petrify                        Transmutation/Earth          4
   e - Lee's Rapid Deconstruction     Earth                        5
Comestibles
 d - a ration
 m - a chunk of flesh


   Skills:
 + Level 1.4 Fighting
 + Level 1.4 Short Blades
 + Level 1.4 Long Blades
 + Level 1.4 Axes
 + Level 1.4 Maces & Flails
 + Level 1.4 Polearms
 + Level 1.4 Staves
 + Level 1.4 Slings
 + Level 1.4 Bows
 + Level 1.4 Crossbows
 + Level 1.4 Throwing
 + Level 1.4 Armour
 + Level 4.7 Dodging
 + Level 4.3 Stealth
 + Level 1.4 Shields
 + Level 1.4 Unarmed Combat
 + Level 5.1 Spellcasting
 + Level 1.1 Conjurations
 + Level 1.1 Hexes
 + Level 1.1 Charms
 + Level 1.1 Summonings
 + Level 1.1 Necromancy
 + Level 1.1 Translocations
 + Level 2.3 Transmutations
 + Level 1.1 Fire Magic
 + Level 1.1 Ice Magic
 + Level 1.1 Air Magic
 + Level 5.5 Earth Magic
 + Level 1.1 Poison Magic
 + Level 1.5 Invocations
 + Level 1.4 Evocations


You had 11 spell levels left.
You knew the following spells:

 Your Spells              Type           Power        Failure   Level  Hunger
a - Sandblast             Erth           ####..       1%          1    None
p - Passwall              Tmut/Erth      ###.......   3%          2    #......


Dungeon Overview and Level Annotations

Branches:
Dungeon (4/15)
 Temple: D:4-7

Altars:
Uskayaw

Annotations:
D:3 dxctxrx's ghost, amateur GnAs


Innate Abilities, Weirdness & Mutations

Your experience applies equally to all skills.
You have very sharp teeth.
Your uncanny sense of smell can sniff out nearby items.


Message History

The ooze is almost dead.
The goblin barely misses you. The ooze hits you. The rat closely misses you.
You hit the ooze.
You kill the ooze!
Your extra speed is starting to run out.
The goblin hits you with a club.
You hit the rat but do no damage. The rat bites you but does no damage.
You closely miss the rat. The goblin hits you with a club.
You hit the rat.
You kill the rat!
Casting: Sandblast
Confirm with . or Enter, or press ? or * to list all spells.
Aiming: Sandblast
Press: ? - help, Shift-Dir - straight line, f - goblin
Aim: a goblin, wielding a club The blast of sand hits the goblin.
You kill the goblin!
b - 41 stones
Things that are here:
a club; a goblin corpse An adder comes into view.
You feel yourself slow down.
The adder hisses angrily.
You float gracefully downwards.
Casting: Sandblast
Confirm with . or Enter, or press ? or * to list all spells.
Aiming: Sandblast
Press: ? - help, Shift-Dir - straight line, f - adder
Aim: an adder The blast of sand hits the adder.
You kill the adder!
b - 40 stones A centaur zombie comes into view.
You hit the centaur zombie.
The centaur zombie is lightly damaged.
The centaur zombie hits you.
Casting: Sandblast
Confirm with . or Enter, or press ? or * to list all spells.
Aiming: Sandblast
Press: ? - help, Shift-Dir - straight line, f - centaur zombie
Aim: a centaur zombie (lightly damaged)
The blast of sand hits the centaur zombie.
The centaur zombie is moderately damaged.
b - 39 stones The centaur zombie closely misses you.
The centaur zombie hits you.
* * * LOW HITPOINT WARNING * * *
Casting: Sandblast
Confirm with . or Enter, or press ? or * to list all spells.
Aiming: Sandblast
Press: ? - help, Shift-Dir - straight line, f/p - centaur zombie
Aim: a centaur zombie (moderately damaged)
The blast of sand hits the centaur zombie.
The centaur zombie is moderately damaged.
b - 38 stones The centaur zombie hits you.
* * * LOW HITPOINT WARNING * * *
Casting: Sandblast
Confirm with . or Enter, or press ? or * to list all spells.
Aiming: Sandblast
Press: ? - help, Shift-Dir - straight line, f/p - centaur zombie
Aim: a centaur zombie (moderately damaged)
The blast of sand hits the centaur zombie.
The centaur zombie is severely damaged.
b - 37 stones The centaur zombie hits you.
* * * LOW HITPOINT WARNING * * *
Casting: Sandblast
Confirm with . or Enter, or press ? or * to list all spells.
Aiming: Sandblast
Press: ? - help, Shift-Dir - straight line, f/p - centaur zombie
Aim: a centaur zombie (severely damaged)
The blast of sand hits the centaur zombie.
The centaur zombie is almost destroyed.
b - 36 stones The centaur zombie misses you.
Casting: Sandblast
Confirm with . or Enter, or press ? or * to list all spells.
You don't have enough magic to cast that spell.
You aren't carrying any potions.
Unknown command.
The centaur zombie misses you.
You hit the centaur zombie.
You destroy the centaur zombie!
You have reached level 5!
A goblin comes into view. It is wielding a dagger.
The helpless goblin fails to defend itself.
You puncture the goblin!
You kill the goblin!
Things that are here:
a dagger; a goblin corpse You butcher the goblin corpse.
Things that are here:
a dagger; a chunk of flesh
h - a dagger;
m - a chunk of flesh Dxctxrx's ghost turns its malevolent gaze towards you.
You hear a shout!
Dxctxrx's ghost hits you.
* * * LOW HITPOINT WARNING * * *
You miss dxctxrx's ghost. Dxctxrx's ghost hits you!
You die...

#.....†..# #.#
#........# #.#
#........# #.#
#........#####.###
#..........).....#
######....†......#
#...........'
#.....W.....#
#....@......#
###...........#
#.............#
#....##########
#....# #....#
#....# #....#
#....#


You could see dxctxrx's ghost.

Vanquished Creatures
  A centaur zombie (D:3)
  An iguana (D:4)
  A worker ant (D:3)
  Terence (D:3)
  An adder (D:3)
  An ooze (D:3)
  A leopard gecko (D:1)
  An orc (D:3)
  2 bats (D:1)
  A giant cockroach (D:3)
  3 goblins
  4 hobgoblins
  2 jackals (D:1)
  3 kobolds
  2 frilled lizards (D:1)
  2 rats
27 creatures vanquished.

Notes
Turn   | Place    | Note
-------+----------+-------------------------------------------
     0 | D:1      | tidbits the Gnoll Earth Elementalist began the quest for the Orb.
     0 | D:1      | Reached XP level 1. HP: 13/13 MP: 6/6
   155 | D:1      | Reached skill level 2 in Transmutations
   162 | D:1      | Reached XP level 2. HP: 19/19 MP: 3/7
   169 | D:1      | Learned a level 2 spell: Passwall
   275 | D:2      | Found a hide-covered altar of Uskayaw.
   275 | D:2      | Noticed a dagger
   275 | D:2      | Noticed a hand axe
   293 | D:3      | Reached skill level 5 in Spellcasting
   293 | D:3      | Reached skill level 1 in Invocations
   293 | D:3      | Reached XP level 3. HP: 25/25 MP: 5/9
   315 | D:4      | Noticed a phantom
   318 | D:4      | Reached skill level 1 in Fighting
   318 | D:4      | Reached skill level 1 in Short Blades
   318 | D:4      | Reached skill level 1 in Long Blades
   318 | D:4      | Reached skill level 1 in Axes
   318 | D:4      | Reached skill level 1 in Maces & Flails
   318 | D:4      | Reached skill level 1 in Polearms
   318 | D:4      | Reached skill level 1 in Staves
   318 | D:4      | Reached skill level 1 in Slings
   318 | D:4      | Reached skill level 1 in Bows
   318 | D:4      | Reached skill level 1 in Crossbows
   318 | D:4      | Reached skill level 1 in Throwing
   318 | D:4      | Reached skill level 1 in Armour
   318 | D:4      | Reached skill level 1 in Shields
   318 | D:4      | Reached skill level 1 in Unarmed Combat
   318 | D:4      | Reached skill level 1 in Evocations
   318 | D:4      | Reached XP level 4. HP: 32/32 MP: 0/11
   333 | D:3      | Noticed dxctxrx's ghost (amateur GnAs)
   375 | D:3      | Noticed Terence
   395 | D:3      | Killed Terence
   395 | D:3      | Reached skill level 1 in Conjurations
   395 | D:3      | Reached skill level 1 in Hexes
   395 | D:3      | Reached skill level 1 in Charms
   395 | D:3      | Reached skill level 1 in Summonings
   395 | D:3      | Reached skill level 1 in Necromancy
   395 | D:3      | Reached skill level 1 in Translocations
   395 | D:3      | Reached skill level 1 in Fire Magic
   395 | D:3      | Reached skill level 1 in Ice Magic
   395 | D:3      | Reached skill level 1 in Air Magic
   395 | D:3      | Reached skill level 1 in Poison Magic
   447 | D:3      | Reached XP level 5. HP: 7/37 MP: 0/12
   472 | D:3      | Slain by dxctxrx's ghost

Vault maps used:
D:1:      matt_arrival_spirals, hex_intersection,
          hangedman_decor_clover_reticule
D:2:      dancing_weapons_uskayaw,
          nicolae_gozag_cash_rules_everything_around_me, uniq_jessica
D:3:      uniq_terence
D:4:      lemuel_coloured_pillars_altar, minmay_temple_entry_glass

Skill      XL: |  1  2  3  4 |
---------------+-------------+-----
Transmutations | 2 |  2.3
Spellcasting   | 5 |  5.1
Invocations    | 1 |  1.5
Fighting       | 1 |  1.4
Short Blades   | 1 |  1.4
Long Blades    | 1 |  1.4
Axes           | 1 |  1.4
Maces & Flails | 1 |  1.4
Polearms       | 1 |  1.4
Staves         | 1 |  1.4
Slings         | 1 |  1.4
Bows           | 1 |  1.4
Crossbows      | 1 |  1.4
Throwing       | 1 |  1.4
Armour         | 1 |  1.4
Shields        | 1 |  1.4
Unarmed Combat | 1 |  1.4
Evocations     | 1 |  1.4
Conjurations   | 1 |  1.1
Hexes          | 1 |  1.1
Charms         | 1 |  1.1
Summonings     | 1 |  1.1
Necromancy     | 1 |  1.1
Translocations | 1 |  1.1
Fire Magic     | 1 |  1.1
Ice Magic      | 1 |  1.1
Air Magic      | 1 |  1.1
Poison Magic   | 1 |  1.1
Dodging        | |  4.7
Stealth        | |  4.3
Earth Magic    | |  5.5

Action                   |  1- 3 |  4- 6 || total
-------------------------+-------+-------++-------
Melee: Short sword       |     4 |    30 ||    34
       Bite              |       |     4 ||     4
 Cast: Sandblast         |    24 |    15 ||    39
  Use: Potion            |       |     2 ||     2
 Stab: Sleeping          |     1 |     1 ||     2
Armor: Robe              |     3 |     1 ||     4
Dodge: Dodged            |    14 |    17 ||    31

Table legend:
 A = Spawn XP
 B = Non-spawn XP
 C = Spawn XP percentage of total XP
 D = Spawn monster count
 E = Non-spawn monster count
 F = Spawn count percentage of total count
 G = Total turns spent on level
                    A         B        C        D         E        F      G
               +---------+---------+-------+---------+---------+-------+---------
         Total |       0 |     208 |   0.0 |       0 |      27 |   0.0 |   472
               +---------+---------+-------+---------+---------+-------+---------
           D:1 |       0 |      24 |   0.0 |       0 |      13 |   0.0 |   266
           D:3 |       0 |     147 |   0.0 |       0 |      13 |   0.0 |   177
           D:4 |       0 |      37 |   0.0 |       0 |       1 |   0.0 |     9
               +---------+---------+-------+---------+---------+-------+---------

Table legend:
 A = Turns spent in this place as a percentage of turns spent in the entire game.
 B = Non-inter-level travel turns spent in this place as a percentage of non-inter-level travel turns spent in the entire game.
 C = Inter-level travel turns spent in this place as a percentage of turns spent in this place.
 D = Turns resting spent in this place as a percentage of non-inter-level travel turns spent in this place.
 E = Turns spent auto-exploring this place as a percentage of non-inter-level travel turns spent in this place.
 F = Non-inter-level travel turns spent in this place divided by the number of levels of this place that you've seen.
                   A       B       C       D       E      F
               +-------+-------+-------+-------+-------+----------------------
         Total | 100.0 | 100.0 |   0.0 |   0.0 |   1.7 | 118.0
       Dungeon | 100.0 | 100.0 |   0.0 |   0.0 |   1.7 | 118.0
               +-------+-------+-------+-------+-------+----------------------

Table legend:
 A = Kills in this place as a percentage of kills in entire the game.
 B = Kills by you in this place as a percentage of kills by you in the entire game.
 C = Kills by friends in this place as a percentage of kills by friends in the entire game.
 D = Other kills in this place as a percentage of other kills in the entire game.
 E = Experience gained in this place as a percentage of experience gained in the entire game.
 F = Experience gained in this place divided by the number of levels of this place that you have seen.
                   A       B       C       D       E      F
               +-------+-------+-------+-------+-------+----------------------
         Total | 100.0 | 100.0 |   N/A |   N/A | 100.0 |  52.0
       Dungeon | 100.0 | 100.0 |   N/A |   N/A | 100.0 |  52.0
               +-------+-------+-------+-------+-------+----------------------

Vault maps used:
D:1:      matt_arrival_spirals, hex_intersection,
          hangedman_decor_clover_reticule
D:2:      dancing_weapons_uskayaw,
          nicolae_gozag_cash_rules_everything_around_me, uniq_jessica
D:3:      uniq_terence
D:4:      lemuel_coloured_pillars_altar, minmay_temple_entry_glass
